Map: Pylon LE

Players

KimChiLoVer

  • Race: Terran Terran
  • League: Diamond
  • Spawn Location: 11:00

Danhman - Winner!

  • Race: Zerg Zerg
  • League: Diamond
  • Spawn Location: 5:00

VOD

Have the link to the VOD?

Description

Time

  • Played on: Aug. 26, 2025, 8:36 p.m.
  • Length: 6:40
Show
View Real Time Build Order
Export as new Build Order

KimChiLoVer Terran 

Build Orders: Reaper Expand 

Get SALT Encoding   

  12  0:00  SCV  
  14  0:14  SCV  
  14  0:17  Supply Depot  
  14  0:26  SCV  
  15  0:39  SCV  
  15  0:41  Barracks  
  16  0:46  Refinery  
  16  0:51  SCV  
  17  1:03  SCV  
  18  1:15  SCV  
  19  1:29  Orbital Command  
  19  1:30  Reaper  
  20  1:40  Command Center  
  20  1:53  Supply Depot  
  20  1:55  SCV  
  21  2:02  Marine  
  21  2:07  SCV  
  23  2:09  Factory  
  23  2:18  Refinery  
  23  2:19  SCV  
  24  2:31  SCV, Barracks  
  24  2:32  Barracks Reactor  
  22  3:00  Factory Tech Lab  
  22  3:05  Barracks  
  22  3:14  Marine  
  22  3:15  Marine  
  22  3:17  SCV  
  25  3:30  SCV  
  25  3:31  Supply Depot  
  25  3:33  Stimpack, Command Center  
  25  3:34  Marine x2  
  28  3:37  Marine  
  29  3:42  SCV  
  30  3:51  Marine  
  30  3:53  Hellion, Marine  
  30  3:55  Marine x2  
  36  4:09  Marine  
  37  4:10  Marine  
  37  4:11  SCV, Starport  
  39  4:22  Factory Reactor  
  39  4:44  SCV, Marine x4  
  44  4:58  Refinery, Command Center  
  44  5:03  Marine  
  44  5:04  Marine  
  33  5:16  Marine  
  33  5:19  Widow Mine x2, Orbital Command  
  38  5:28  Supply Depot  
  38  5:30  Bunker  
  38  5:35  Marine x2  
  25  6:02  Marine x3  
  27  6:06  Hellion x2, Marine  
  27  6:10  Orbital Command  
  33  6:20  Marine  
Show
View Real Time Build Order
Export as new Build Order

Danhman Zerg - Winner!

Build Orders: Pool First, Zergling Baneling 

Get SALT Encoding   

  12  0:00  Drone  
  13  0:12  Overlord  
  13  0:16  Drone  
  14  0:31  Drone x2  
  14  0:35  Drone  
  17  0:46  Spawning Pool  
  17  0:47  Extractor  
  15  0:50  Drone  
  16  0:58  Drone  
  17  1:08  Drone  
  18  1:20  Hatchery  
  18  1:22  Drone  
  18  1:29  Drone  
  19  1:40  Queen  
  19  1:43  Zergling x2  
  22  1:52  Metabolic Boost  
  22  1:57  Overlord  
  22  2:10  Overlord  
  22  2:16  Queen  
  24  2:25  Drone x2  
  26  2:41  Zergling x4  
  28  2:51  Zergling x10  
  32  3:02  Drone  
  33  3:13  Drone x3  
  33  3:15  Hatchery  
  35  3:25  Queen  
  35  3:26  Drone  
  38  3:29  Drone  
  39  3:43  Drone x2  
  39  3:44  Drone x2  
  39  3:47  Overlord  
  43  3:49  Overlord  
  43  3:54  Overlord  
  43  4:02  Extractor, Baneling Nest  
  41  4:04  Drone x2  
  43  4:25  Drone x3  
  43  4:26  Drone x4  
  43  4:30  Queen  
  52  4:32  Drone  
  52  4:47  Baneling  
  52  4:48  Baneling x9  
  52  4:49  Zergling x2  
  52  4:50  Zergling x10  
  58  4:58  Overlord x2  
  58  5:00  Overlord  
  52  5:15  Zergling x2  
  52  5:16  Zergling x18  
  62  5:31  Lair  
  62  5:32  Drone  
  62  5:33  Drone x3  
  63  6:02  Baneling x5  
  63  6:04  Drone  
  63  6:05  Drone x14  
  80  6:16  Extractor x2  
Tags
 
Add a new tag
Caveats
  • Supply blocks, unpowered buildings, or Contaminate may cause inaccurate times.
  • Supply counts are checked every 10 seconds.